 Dungeon Crawl Stone Soup version 0.28.0-47-ge53b351184 (webtiles) character file.

Game seed: 8704275180431654733

287 issech the Skirmisher (level 6, -1/61 HPs)
             Began as a Troll Fighter on May 3, 2022.
             Slain by an orc wizard
             ... wielding a +0 dagger
              (4 damage)
             ... on level 4 of the Dungeon.
             The game lasted 00:08:54 (3058 turns).

issech the Skirmisher (Troll Fighter)               Turns: 3058, Time: 00:08:55

Health: -1/61      AC:  5    Str: 25    XL:     6   Next: 8%
Magic:  5/5        EV:  9    Int:  4    God:
Gold:   117        SH:  0    Dex: 11    Spells: 5/5 levels left

rFire   + + .      SeeInvis .   n - +2 war axe (vorpal)
rCold   . . .      Faith    +   c - +0 kite shield
rNeg    . . .      Spirit   .   b - +0 robe
rPois   .          Reflect  .   (helmet restricted)
rElec   .          Harm     .   F - +0 cloak
rCorr   .          Rampage  .   (gloves unavailable)
Will    .....                   (boots unavailable)
Stlth   +.........              D - amulet of faith
HPRegen 1.00/turn               o - ring of protection from fire
MPRegen 0.09/turn               y - ring of protection from fire

@: confused
A: large, unfitting armour, claws 3, regeneration 1, shaggy fur 1, tough skin 1
a: no special abilities


You were on level 4 of the Dungeon.
You visited 1 branch of the dungeon, and saw 4 of its levels.
You also visited: Sewer.

You collected 117 gold pieces.

Inventory:

Hand Weapons
 a - a +0 flail
 m - a +0 hunting sling
 n - a +2 vorpal war axe (weapon)
 q - a +2 dagger of freezing
 r - a +1 falchion of flaming
 s - a +0 mace
 E - a +4 quarterstaff of chaos
 H - a +0 dagger of protection
Missiles
 e - 6 atropa-tipped darts
 f - 6 javelins (quivered)
 h - 50 sling bullets
 j - 116 stones
 k - 12 arrows
 C - 19 bolts
 I - 6 poisoned darts
Armour
 b - a +0 robe (worn)
 c - a +0 kite shield (worn)
 F - a +0 cloak (worn)
Jewellery
 o - a ring of protection from fire (left claw)
 y - a ring of protection from fire (right claw)
 D - an amulet of faith (around neck)
Scrolls
 g - 2 scrolls of teleportation {unknown}
 i - 2 scrolls of identify {unknown}
 l - 2 scrolls of enchant weapon {unknown}
 t - a scroll of enchant armour {unknown}
 B - a scroll of blinking {unknown}
Potions
 d - 4 potions of might
 p - a potion of invisibility {unknown}
 u - 3 potions of heal wounds {unknown}
 v - a potion of cancellation {unknown}
 w - 4 potions of flight {unknown}
 x - 2 potions of brilliance {unknown}
 z - a potion of degeneration {unknown}
 A - a potion of berserk rage {unknown}
 G - a potion of curing {unknown}


   Skills:
 + Level 3.3 Fighting
 + Level 2.0(2.6) Axes
 + Level 2.7(3.1) Maces & Flails
 + Level 3.3 Dodging
 + Level 0.1 Stealth
 + Level 3.3 Shields


You had 5 spell levels left.
You didn't know any spells.
Your spell library contained the following spells:

 Spells                   Type           Power      Damage    Failure   Level
 Animate Skeleton         Necr           0%         N/A       80%         1
 Pain                     Necr           0%         1d4       80%         1
 Vampiric Draining        Necr           0%         2d6       99%         3


Dungeon Overview and Level Annotations

Branches:
Dungeon (4/15)              Sewer (visited)
 Temple: D:4-7

Altars:
Wu Jian
Zin

Shops:
D:3 :

Annotations:
D:4 2 transporters


Innate Abilities, Weirdness & Mutations

You are too large for most types of armour.
You have claws for hands.
Your natural rate of healing is unusually fast.
You are covered in fur. (AC +1)
You have tough skin. (AC +1)


Message History

* * * LOW HITPOINT WARNING * * *
The orc wizard hits you but does no damage.
You bump into the rock wall.
Something hits you.
* * * LOW HITPOINT WARNING * * *
The orc wizard casts a spell at you.
You are more confused.
You miss something. You hit the orc wizard.
Something hits you but does no damage.
The orc wizard hits you with a +0 dagger.
* * * LOW HITPOINT WARNING * * *
You closely miss something. You miss the orc wizard.
You hear some strange, mumbled words.
A puff of flame appears from out of thin air!
The puff of flame hits you. You resist.
* * * LOW HITPOINT WARNING * * *
The orc wizard hits you but does no damage.
Something hits you but does no damage.
The orc wizard hits you with a +0 dagger.
* * * LOW HITPOINT WARNING * * *
You closely miss something. You miss the orc wizard.
Something hits you but does no damage.
The orc wizard hits you but does no damage.
You bump into the stone wall.
Something hits you but does no damage.
The orc wizard hits you with a +0 dagger.
* * * LOW HITPOINT WARNING * * *
You bump into the stone wall.
Something hits you but does no damage. The orc wizard barely misses you.
You bump into the stone wall.
Something hits you.
* * * LOW HITPOINT WARNING * * *
The orc wizard hits you with a +0 dagger.
* * * LOW HITPOINT WARNING * * *
You hit the orc wizard.
The orc wizard is severely wounded.
You miss something. Something hits you.
* * * LOW HITPOINT WARNING * * *
The orc wizard gestures at you while chanting.
The puff of flame hits you. You resist.
* * * LOW HITPOINT WARNING * * *
Something hits you.
You die...

# # ############### #
#.............# ## #
#.............# .## B.
#.............# ..# #...#
#......#......# #.........#
#....##.##....# # ...^.....#
###....#...#....# #
.........####@oo..#..#).#...+ ##
..........<.#{#....#...#....#
.##..............#....##.##....#
............##...#......#.. ...#
......>..######..#.......... ..
#....###.# ##....#..........
#....##..###....##.........
#.........##...############
.....##...#.#..#.# ..


You could see an orc wizard and an orc.

Vanquished Creatures
  Pargi (Sewer)
  A hound (D:4)
  Crazy Yiuf (D:2)
  3 river rats (D:3)
  2 adders
  A worm (D:2)
  2 dart slugs
  9 orcs
  3 bats (D:1)
  3 endoplasms
  4 giant cockroaches
  6 goblins
  7 hobgoblins
  3 jackals (D:1)
  A quokka (D:3)
  7 ball pythons
  6 frilled lizards
  5 kobolds
  4 rats
  5 bushes (D:2)
74 creatures vanquished.

Vanquished Creatures (others)
  3 plants (D:2)
3 creatures vanquished.

Grand Total: 77 creatures vanquished

Notes
Turn   | Place    | Note
-------+----------+-------------------------------------------
     0 | D:1      | issech the Troll Fighter began the quest for the Orb.
     0 | D:1      | Reached XP level 1. HP: 22/22 MP: 0/0
    90 | D:1      | Reached XP level 2. HP: 27/29 MP: 1/1
   282 | D:1      | Found a faded altar of an unknown god.
   927 | D:2      | Reached XP level 3. HP: 34/36 MP: 2/2
  1061 | D:2      | You fall into a shaft and drop 2 floors!
  1118 | D:4      | Reached XP level 4. HP: 38/44 MP: 3/3
  1144 | D:4      | Found a transporter.
  1161 | D:4      | Found a transporter.
  1283 | D:3      | Found a glowing drain.
  1307 | Sewer    | Entered a sewer
  1397 | Sewer    | Noticed Pargi
  1419 | Sewer    | Killed Pargi
  1420 | Sewer    | Reached skill level 1 in Axes
  1420 | Sewer    | Reached XP level 5. HP: 24/53 MP: 4/4
  1656 | D:3      | Found a glowing silver altar of Zin.
  1661 | D:3      | Found an ornate altar of the Wu Jian Council.
  2122 | D:2      | Found a runed translucent door.
  2123 | D:2      | Noticed Crazy Yiuf
  2130 | D:2      | Killed Crazy Yiuf
  2857 | D:3      | Reached XP level 6. HP: 61/61 MP: 5/5
  2914 | D:3      | Found Fila Qirph's Book Shoppe.
  3058 | D:4      | HP: 3/61 [orc wizard/puff of flame (1)]
  3058 | D:4      | Slain by an orc wizard

Illustrated notes

Levels and vault maps discovered:
D:1:      lemuel_arrival_behind_the_door_small, layout_basic,
          shapermc_ecumenical_altar_mp_vishouse
D:2:      layout_loops_corners, serial_forest, infiniplex_forest_straight_5,
          infiniplex_forest_clump_cross, infiniplex_forest_end_3,
          infiniplex_forest_clump_long, infiniplex_forest_straight_1,
          infiniplex_forest_lined_room_2, infiniplex_forest_lined_2,
          infiniplex_forest_clump_diagonal, uniq_crazy_yiuf_cottage
D:3:      layout_basic, mainiacjoe_overflow_big_doors, portal_sewer_entry_a,
          serial_shops, shop, kennysheep_generic_room_11
D:4:      layout_cave_pools, gammafunk_ghost_abyssal_escape,
          kennysheep_generic_room_2

Skill      XL: |  1  2  3  4  5 |
---------------+----------------+-----
Maces & Flails | 2 |  2.7
Shields        | 3 |  3.3
Dodging        | 3 |  3.3
Fighting       | 3 |  3.3
Axes           | 1 2 |  2.0
Stealth        | |  0.1

Action                   |  1- 3 |  4- 6 || total
-------------------------+-------+-------++-------
Melee: Flail             |    94 |       ||    94
       War axe           |     4 |   218 ||   222
Armor: Robe              |    52 |    60 ||   112
Dodge: Dodged            |    51 |    51 ||   102
Block: Kite shield       |    53 |    66 ||   119
